 Dungeon Crawl Stone Soup version 0.28-a0-1616-g050a50673c (webtiles) character file.

Game seed: 3190669640931553164

196 murtidash the Distorting Ant (level 6, 0/47 HPs)
             Began as a Formicid Abyssal Knight on Jan 23, 2022.
             Was a Believer of Lugonu.
             Succumbed to Jessica's poison
             ... on level 3 of the Dungeon.
             The game lasted 00:02:40 (2452 turns).

murtidash the Distorting Ant (FoAK)                 Turns: 2452, Time: 00:02:40

Health: 0/47       AC: 13    Str: 19    XL:     6   Next: 4%
Magic:  9/9        EV:  9    Int: 10    God:    Lugonu [**....]
Gold:   92         SH:  0    Dex: 11    Spells: 5/5 levels left

rFire   . . .      SeeInvis +   a - +1 hand axe
rCold   . . .      Faith    .   (no shield)
rNeg    . . .      Spirit   .   j - +0 scale mail
rPois   .          Reflect  .   (helmet unavailable)
rElec   .          Harm     .   i - +2 cloak
rCorr   .          Rampage  .   (no gloves)
Will    .....                   (no boots)
Stlth   ..........              (no amulet)
HPRegen 0.15/turn               f - +4 ring of protection
MPRegen 0.11/turn               (no ring)

@: lethally poisoned (0 -> -2), flying, invisible
A: permanent stasis, dig shafts and tunnels, antennae 3, four strong arms
a: Dig, Shaft Self, Renounce Religion, Depart the Abyss, Bend Space


You were on level 3 of the Dungeon.
You worshipped Lugonu.
Lugonu was pleased with you.
You visited 1 branch of the dungeon, and saw 3 of its levels.
You visited the Abyss 1 time.

You collected 92 gold pieces.

Inventory:

Hand Weapons
 a - a +1 hand axe (weapon)
Armour
 i - a +2 cloak (worn)
   (You found it on level 2 of the Dungeon)
 j - a +0 scale mail (worn)
   (You found it on level 2 of the Dungeon)
Jewellery
 f - a +4 ring of protection (left hand)
   (You found it on level 1 of the Dungeon)
Scrolls
 b - a scroll of blinking {unknown}
 d - 4 scrolls of identify {unknown}
 e - 2 scrolls of magic mapping {unknown}
 h - a scroll of acquirement {unknown}


   Skills:
 - Level 3.2 Fighting
 + Level 4.3 Axes
 - Level 2.1 Armour
 - Level 0.8 Dodging
 + Level 5.0 Invocations


You had 5 spell levels left.
You didn't know any spells.
Your spell library contained the following spells:

 Spells                   Type           Power      Damage    Failure   Level
 Cause Fear               Hex            0%         N/A       100%        4
 Dragon Form              Tmut           0%         N/A       100%        7
 Dragon's Call            Summ           0%         N/A       100%        9


Dungeon Overview and Level Annotations

Branches:
Dungeon (3/15)

Altars:


Innate Abilities, Weirdness & Mutations

You cannot be hasted, slowed, berserked, paralysed or teleported.
You can dig through walls and to a lower floor.
You have a pair of large antennae on your head. (SInv)
Your four strong arms can wield two-handed weapons with a shield.


Message History

You sense a monster nearby.
There is an open door here.
A dart slug comes into view.
Found a stone staircase leading down.
You slash the dart slug! You hit the dart slug.
You kill the dart slug!
Lugonu accepts your kill.
No target in view!
No target in view!
No target in view!
No target in view!
No target in view!
No target in view!
No target in view!
No target in view!
No target in view!
No target in view!
No target in view!
No target in view!
No target in view!
No target in view!
You sense a monster nearby.
An orc comes into view. It is wielding a +0 mace.
Jessica the Apprentice Sorceress comes into view.
She is wielding a +2 dagger of venom.
Jessica points at you and mumbles some strange words.
Pain shoots through your body!
You take 8 damage, and have 33/41 hp.
You start resting.
An orc is nearby!
You hit the orc but do no damage. The orc hits you but does no damage.
You barely miss the orc.
Jessica shouts, "You're disturbing me!
I'll have to kill you!" The orc hits you but does no damage.
You hit the orc but do no damage. The orc hits you with a +0 mace.
You hit Jessica. You barely miss the orc.
Jessica gestures wildly while chanting.
Jessica blinks!
The orc barely misses you.
You barely miss the orc.
Jessica casts a spell.
Jessica seems to speed up.
The orc barely misses you.
You barely miss the orc. The orc hits you with a +0 mace.
Jessica casts a spell.
Jessica blinks!
You take 3 damage, and have 30/41 hp.
You hit the orc but do no damage. You barely miss Jessica.
Jessica hits you but does no damage.
You are poisoned.
The orc hits you but does no damage. Jessica closely misses you.
You hit the orc but do no damage. You hit Jessica.
You feel sick. The orc barely misses you. Jessica closely misses you.
You take 2 damage, and have 28/41 hp.
You barely miss the orc. You hit Jessica.
You feel sick. Jessica hits you but does no damage.
You are more poisoned.
The orc hits you but does no damage.
Jessica hits you with a +2 dagger of venom.
You are more poisoned.
You take 6 damage, and have 22/41 hp.
You hit the orc. You hit Jessica.
You kill Jessica!
Lugonu accepts your kill.
You feel very sick. The orc hits you but does no damage.
The orc barely misses you.
Your Invocations skill increases to level 5!
You have reached level 6!
You take 2 damage, and have 20/47 hp.
MP restored: 9 You hit the orc but do no damage.
You feel very sick. The orc barely misses you.
You take 4 damage, and have 16/47 hp.
You hit the orc but do no damage.
You feel very sick. The orc hits you with a +0 mace.
* * * LOW HITPOINT WARNING * * *
You take 6 damage, and have 10/47 hp.
It was a potion of invisibility.
You fade into invisibility!
* * * LOW HITPOINT WARNING * * *
You feel sick. The orc closely misses you.
You take 1 damage, and have 9/47 hp.
You barely miss the orc.
* * * LOW HITPOINT WARNING * * *
You feel sick. The orc hits you but does no damage.
You take 2 damage, and have 7/47 hp.
You closely miss the orc.
You feel sick. The orc hits you with a +0 mace.
* * * LOW HITPOINT WARNING * * *
You take 4 damage, and have 3/47 hp.
* * * LOW HITPOINT WARNING * * *
You feel sick.
Items here: ! ) [ †.
You take 1 damage, and have 2/47 hp.
It was a potion of flight.
You feel very buoyant.
You fly up into the air.
* * * LOW HITPOINT WARNING * * *
You feel sick. The orc hits you but does no damage.
You take 1 damage, and have 1/47 hp.
You die...

####
#..#..........
#..#.#.####.###
#..#.#.####.#..
#..#.#.........
.......†......>.
.............#.#
.........###.#
.##.#.#[.###.#
#.#....o)@.# #
#....#+#...#
.....#.#..........
##.#.#. ..........
#.#.#. ..o.......
# .. .......... ..
.......... ...
.......... .##
#####..


You could see an orc.

Vanquished Creatures
  Jessica (D:3)
  Natasha (thrice) (D:2)
  Robin (D:2)
  An adder (D:2)
  2 worms (D:2)
  3 dart slugs
  3 bats
  8 endoplasms
  3 giant cockroaches
  10 goblins
  12 hobgoblins
  3 quokkas
  4 frilled lizards
  2 kobolds (D:1)
  5 rats
61 creatures vanquished.

Notes
Turn   | Place    | Note
-------+----------+-------------------------------------------
     0 | Abyss:1  | murtidash the Formicid Abyssal Knight began the quest for
                  | the Orb.
     0 | Abyss:1  | Reached XP level 1. HP: 18/18 MP: 2/2
     6 | D:1      | Escaped the Abyss
   102 | D:1      | Reached XP level 2. HP: 23/24 MP: 3/3
   267 | D:1      | Reached skill level 3 in Invocations
   383 | D:1      | Reached XP level 3. HP: 27/28 MP: 5/5
   506 | D:1      | Reached ** piety under Lugonu
   800 | D:2      | Reached skill level 3 in Axes
  1021 | D:2      | Reached XP level 4. HP: 31/35 MP: 6/6
  1419 | D:2      | Noticed Robin
  1427 | D:2      | Reached skill level 4 in Invocations
  1444 | D:2      | HP: 7/35 [Robin (2)]
  1448 | D:2      | Killed Robin
  1735 | D:2      | Noticed Natasha
  1748 | D:2      | Killed Natasha
  1749 | D:2      | Reached XP level 5. HP: 31/41 MP: 8/8
  1827 | D:2      | Found a faded altar of an unknown god.
  2253 | D:2      | Noticed Natasha
  2260 | D:2      | Killed Natasha
  2261 | D:2      | Reached skill level 4 in Axes
  2334 | D:2      | Found a faded altar of an unknown god.
  2347 | D:2      | Noticed Natasha
  2354 | D:2      | Killed Natasha
  2431 | D:3      | Noticed Jessica
  2444 | D:3      | Killed Jessica
  2445 | D:3      | Reached skill level 5 in Invocations
  2445 | D:3      | Reached XP level 6. HP: 20/47 MP: 9/9
  2447 | D:3      | HP: 9/47 [poisoned by Jessica]
  2449 | D:3      | HP: 3/47 [orc (3)]
  2451 | D:3      | HP: 1/47 [poisoned by Jessica]
  2452 | D:3      | Succumbed to Jessica's poison

Illustrated notes

Levels and vault maps discovered:
D:1:      wander_arrival_peaceful_grave, layout_rooms
D:2:      layout_basic, hellmonk_ecumenical_altar_slurped_away,
          kennysheep_generic_room_11, uniq_natasha, uniq_robin
D:3:      layout_basic, marbit_many_paths, hangedman_abyss_or_decor_stabs,
          uniq_terence, uniq_jessica

Skill      XL: |  1  2  3  4  5 |
---------------+----------------+-----
Invocations    | 3 4 5 |  5.0
Axes           | 3 4 |  4.3
Fighting       | |  3.2
Armour         | |  2.1
Dodging        | |  0.8

Action                   |  1- 3 |  4- 6 || total
-------------------------+-------+-------++-------
Melee: Hand axe          |    99 |    79 ||   178
  Use: Potion            |       |     2 ||     2
Armor: Leather armour    |    19 |       ||    19
       Ring mail         |    17 |     6 ||    23
       Scale mail        |       |    47 ||    47
Dodge: Dodged            |    59 |    27 ||    86

Table legend: (Time is in decaauts)
 A = Elapsed time spent in this place.
 B = Non-inter-level travel time spent in this place.
 C = Inter-level travel time spent in this place.
 D = Time resting spent in this place.
 E = Time spent auto-exploring this place.
 F = Levels seen in this place.
 G = Mean time per level.
                   A        B        C        D        E       F      G
               +--------+--------+--------+--------+--------+-----+--------+
         Total |   2476 |   2418 |     58 |      3 |   1974 |   4 |  619.0 |
       Dungeon |   2470 |   2412 |     58 |      3 |   1974 |   3 |  823.3 |
         Abyss |      6 |      6 |      0 |      0 |      0 |   1 |    6.0 |
               +--------+--------+--------+--------+--------+-----+--------+

Top non-repeatable levels by time:
     D:2: 1721 daAuts
     D:1: 685 daAuts
     D:3: 63 daAuts
 Abyss:1: 6 daAuts

Table legend:
 A = Kills in this place as a percentage of kills in entire the game.
 B = Kills by you in this place as a percentage of kills by you in the entire game.
 C = Kills by friends in this place as a percentage of kills by friends in the entire game.
 D = Other kills in this place as a percentage of other kills in the entire game.
 E = Experience gained in this place as a percentage of experience gained in the entire game.
 F = Experience gained in this place divided by the number of levels of this place that you have seen.
                   A       B       C       D       E      F
               +-------+-------+-------+-------+-------+----------------------
         Total | 100.0 | 100.0 |   N/A |   N/A | 100.0 |  70.0
       Dungeon | 100.0 | 100.0 |   N/A |   N/A | 100.0 |  93.3
               +-------+-------+-------+-------+-------+----------------------
